 Dungeon Crawl Stone Soup version 0.26.0-10-g1f06aea511 (webtiles) character file.

Game seed: 17147475322486067224

75 MisterFreud the Cutter (level 4, -1/41 HPs)
             Began as a Gnoll Berserker on Jan 16, 2021.
             Was a Believer of Trog.
             Killed by divine providence
             ... invoked by an orc priest
              (14 damage)
             ... on level 5 of the Dungeon.
             The game lasted 00:02:00 (2349 turns).

MisterFreud the Cutter (Gnoll Berserker)            Turns: 2349, Time: 00:02:01

Health: -1/41      AC:  9    Str: 20    XL:     4   Next: 31%
Magic:  5/5        EV: 10    Int: 10    God:    Trog [**....]
Gold:   128        SH:  0    Dex: 14    Spells: 5/5 levels left

rFire    . . .     SeeInvis .   a - +0 short sword
rCold    . . .     Faith    .   (no shield)
rNeg     . . .     Spirit   .   l - +0 chain mail
rPois    .         Reflect  .   (no helmet)
rElec    .         Harm     .   (no cloak)
rCorr    .         Rampage  .   (no gloves)
Will     ++...                  (no boots)
Stlth    ..........             (no amulet)
HPRegen  1.13/turn              (no ring)
MPRegen  0.09/turn              (no ring)

@: regenerating
A: distributed training, fangs 1, strong nose
a: Renounce Religion, Berserk, Trog's Hand


You were on level 5 of the Dungeon.
You worshipped Trog.
Trog was pleased with you.
You visited 1 branch of the dungeon, and saw 5 of its levels.

You collected 128 gold pieces.

Inventory:

Hand Weapons
 a - a +0 short sword (weapon)
Missiles
 c - 14 stones
 f - 16 sling bullets
 g - 3 atropa-tipped darts
 i - 30 bolts
 m - 33 arrows
Armour
 b - a +0 animal skin
 l - a +0 chain mail (worn)
Scrolls
 e - a scroll of amnesia {unknown}
 k - a scroll of enchant weapon {unknown}
 o - 2 scrolls of identify {unknown}
 s - a scroll of immolation {unknown}
 t - a scroll of remove curse {unknown}
 u - a scroll of enchant armour {unknown}
Potions
 d - a potion of berserk rage {unknown}
 h - a potion of heal wounds {unknown}
 j - a potion of might {unknown}
 n - a potion of haste {unknown}
 p - a potion of flight {unknown}
 q - 3 potions of curing {unknown}
 r - a potion of magic {unknown}


   Skills:
 + Level 6.6 Fighting
 + Level 6.6 Short Blades
 + Level 1.1 Long Blades
 + Level 1.1 Axes
 + Level 1.1 Maces & Flails
 + Level 1.1 Polearms
 + Level 1.1 Staves
 + Level 1.1 Slings
 + Level 1.1 Bows
 + Level 1.1 Crossbows
 + Level 1.1 Throwing
 + Level 4.6 Armour
 + Level 4.6 Dodging
 + Level 1.1 Stealth
 + Level 1.1 Shields
 + Level 1.1 Unarmed Combat
 + Level 1.1 Spellcasting
 + Level 0.8 Conjurations
 + Level 0.8 Hexes
 + Level 0.8 Summonings
 + Level 0.8 Necromancy
 + Level 0.8 Translocations
 + Level 0.8 Transmutations
 + Level 0.8 Fire Magic
 + Level 0.8 Ice Magic
 + Level 0.8 Air Magic
 + Level 0.8 Earth Magic
 + Level 0.8 Poison Magic
 + Level 1.2 Invocations
 + Level 1.1 Evocations


You had 5 spell levels left.
You didn't know any spells.
Your spell library was empty.

Dungeon Overview and Level Annotations

Branches:
Dungeon (5/15)             Temple (0/1) D:4

Altars:
Gozag
Sif Muna


Innate Abilities, Weirdness & Mutations

Your experience applies equally to all skills.
You have very sharp teeth.
Your uncanny sense of smell can sniff out nearby items.


Message History

You climb downwards.
Found 13 stones.
There is a stone staircase leading up here.
Unknown command.
Unknown command.
Unknown command.
Unknown command.
Your skin crawls.
You feel strong-willed. The adder barely misses you.
The orc priest hits you with a cursed -1 mace.
* * * LOW HITPOINT WARNING * * *
The adder bites you but does no damage.
Unknown command.
Unknown command.
You hit the orc priest.
The orc priest is almost dead.
The orc priest mumbles some strange prayers to Beogh against you.
Beogh smites you!
You die...

##.###
.....
....
...
###..
...
#o#
#@#
#S#
..#
#...
..##
..# #.
#.


You could see an orc priest and an adder.

Vanquished Creatures
  2 adders
  An ooze (D:3)
  A worm (D:3)
  2 dart slugs
  2 orcs (D:3)
  2 giant cockroaches
  8 hobgoblins
  3 jackals (D:2)
  6 kobolds
  2 ball pythons
  4 bats
  3 frilled lizards
  4 goblins
  5 rats
45 creatures vanquished.

Notes
Turn   | Place    | Note
-------+----------+-------------------------------------------
     0 | D:1      | MisterFreud the Gnoll Berserker began the quest for the
                  | Orb.
     0 | D:1      | Reached XP level 1. HP: 23/23 MP: 1/1
   245 | D:1      | Reached XP level 2. HP: 28/29 MP: 2/2
  1069 | D:2      | Reached XP level 3. HP: 35/35 MP: 3/3
  1494 | D:2      | Reached skill level 1 in Invocations
  1516 | D:2      | Found a shimmering blue altar of Sif Muna.
  1627 | D:3      | Reached ** piety under Trog
  1628 | D:3      | Reached skill level 1 in Long Blades
  1628 | D:3      | Reached skill level 1 in Axes
  1628 | D:3      | Reached skill level 1 in Maces & Flails
  1628 | D:3      | Reached skill level 1 in Polearms
  1628 | D:3      | Reached skill level 1 in Staves
  1628 | D:3      | Reached skill level 1 in Slings
  1628 | D:3      | Reached skill level 1 in Bows
  1628 | D:3      | Reached skill level 1 in Crossbows
  1628 | D:3      | Reached skill level 1 in Throwing
  1628 | D:3      | Reached skill level 1 in Stealth
  1628 | D:3      | Reached skill level 1 in Shields
  1628 | D:3      | Reached skill level 1 in Unarmed Combat
  1628 | D:3      | Reached skill level 1 in Spellcasting
  1628 | D:3      | Reached skill level 1 in Evocations
  1696 | D:3      | Reached XP level 4. HP: 41/41 MP: 5/5
  1718 | D:3      | Found an opulent altar of Gozag.
  2338 | D:4      | Found a staircase to the Ecumenical Temple.
  2347 | D:5      | Entered Level 5 of the Dungeon
  2349 | D:5      | Killed from afar by an orc priest

Illustrated notes

Levels and vault maps discovered:
D:1:      dpeg_arrival_shrine, layout_loops_ring
D:2:      layout_basic, led_sif_pool, minmay_close_crescents
D:3:      layout_rooms, nicolae_gozag_cash_rules_everything_around_me,
          kennysheep_cluttered_room, kennysheep_doodads, grunt_decor_resistance
D:4:      layout_cave_pools, nicolae_overflow_crystal_walls,
          minmay_temple_entry_statues_fountains, uniq_crazy_yiuf_cottage,
          uniq_duvessa
D:5:      layout_loops_ring, general_overflow_altar, chei_slow_surprise

Skill      XL: |  1  2  3 |
---------------+----------+-----
Invocations    | 1 |  1.2
Long Blades    | 1 |  1.1
Axes           | 1 |  1.1
Maces & Flails | 1 |  1.1
Polearms       | 1 |  1.1
Staves         | 1 |  1.1
Slings         | 1 |  1.1
Bows           | 1 |  1.1
Crossbows      | 1 |  1.1
Throwing       | 1 |  1.1
Stealth        | 1 |  1.1
Shields        | 1 |  1.1
Unarmed Combat | 1 |  1.1
Spellcasting   | 1 |  1.1
Evocations     | 1 |  1.1
Fighting       | |  6.6
Short Blades   | |  6.6
Armour         | |  4.6
Dodging        | |  4.6
Conjurations   | |  0.8
Hexes          | |  0.8
Summonings     | |  0.8
Necromancy     | |  0.8
Translocations | |  0.8
Transmutations | |  0.8
Fire Magic     | |  0.8
Ice Magic      | |  0.8
Air Magic      | |  0.8
Earth Magic    | |  0.8
Poison Magic   | |  0.8

Action                   |  1- 3 |  4- 6 || total
-------------------------+-------+-------++-------
Melee: Short sword       |   115 |    67 ||   182
       Bite              |    14 |    11 ||    25
Invok: Trog's Hand       |       |     1 ||     1
 Stab: Sleeping          |     2 |       ||     2
Armor: Animal skin       |     4 |       ||     4
       Chain mail        |    22 |    37 ||    59
Dodge: Dodged            |    53 |    46 ||    99
